 Dungeon Crawl Stone Soup version 0.23.2-40-g277498a001 (webtiles) character file.

Game seed: 15157951143738449556

44 zeroring the Insei (level 3, 0/18 HPs)
             Began as a Vine Stalker Transmuter on Oct 10, 2019.
             Slain by a kobold
             ... wielding a +0 whip
              (4 damage)
             ... on level 2 of the Dungeon.
             The game lasted 00:05:24 (1923 turns).

zeroring the Insei (Vine Stalker Transmuter)        Turns: 1923, Time: 00:05:25

Health: 0/18       AC:  2    Str: 13    XL:     3   Next: 60%
Magic:  0/7        EV: 12    Int: 13    God:
Gold:   32         SH:  0    Dex: 14    Spells: 5/6 levels left

rFire    . . .     SeeInvis .     - Unarmed
rCold    . . .     Gourm    .   (no shield)
rNeg     . . .     Faith    .   b - +0 robe
rPois    .         Spirit   +   (no helmet)
rElec    .         Reflect  .   (no cloak)
rCorr    .         Harm     .   (no gloves)
MR       .....                  (no boots)
Stlth    +.........             (no amulet)
HPRegen  0.06/turn              (no ring)
MPRegen  0.10/turn              (no ring)

@: lethally poisoned (0 -> -3), appendage
A: fangs 2, horns 2, magic shield, antimagic bite, no potion heal 3, rot
immunity
a: End Transformation


You were on level 2 of the Dungeon.
You were not hungry.
You had grown temporary horns.
You visited 1 branch of the dungeon, and saw 2 of its levels.

You collected 32 gold pieces.

Inventory:

Missiles
 a - 12 arrows
 c - 99 stones (quivered)
Armour
 b - a +0 robe (worn)
Scrolls
 e - a scroll of random uselessness {unknown}
 g - a scroll of identify {unknown}
 h - 3 scrolls of amnesia {unknown}


   Skills:
 + Level 2.2 Fighting
 - Level 1.5 Dodging
 + Level 3.8 Unarmed Combat
 - Level 2.1 Spellcasting
 - Level 2.0 Transmutations


You had 5 spell levels left.
You knew the following spells:

 Your Spells              Type           Power        Failure   Level  Hunger
a - Beastly Appendage     Tmut           #.....       11%         1    ##.....

Your spell library contained the following spells:

 Spells                   Type           Power        Failure   Level  Hunger
 Sticks to Snakes         Tmut           #.......     17%         2    ###....
 Spider Form              Tmut/Pois      #.........   45%         3    ####...
 Ice Form                 Ice/Tmut       #.......     86%         4    #####..
 Blade Hands              Tmut           #.........   97%         5    ######.


Dungeon Overview and Level Annotations

Branches:
Dungeon (2/15)

Altars:
Nemelex Xobeh


Innate Abilities, Weirdness & Mutations

You have extremely sharp teeth.
When hurt, damage is shared between your health and your magic reserves.
Your bite disrupts and absorbs the magic of your enemies.
Potions cannot restore your health.
You are immune to rotting.
You have a pair of horns on your head.


Message History

The adder is severely wounded.
The adder barely misses you. The kobold hits you but does no damage.
You miss the adder. You headbutt the adder. Your bite misses the adder.
The adder is almost dead.
The adder closely misses you. The kobold hits you with a +0 whip.
You barely miss the adder. Your headbutt misses the adder.
Your bite misses the adder.
The adder is almost dead.
The adder barely misses you. The adder bites you.
* * * LOW HITPOINT WARNING * * *
You are poisoned.
The adder poisons you!
You hit the adder. Your bite misses the adder.
The adder is almost dead.
* * * LOW HITPOINT WARNING * * *
You feel sick. The kobold closely misses you. The adder barely misses you.
You hit the adder.
You kill the adder!
The kobold hits you with a +0 whip.
You die...

... ... ....
.... #..#
..#...####
.........####
......)@...<#
........K...#
#...##.#....#
### #.#....#
#........
##.####... #.
...# ## ...#


You could see a kobold.

Vanquished Creatures
  An adder (D:2)
  4 giant cockroaches (D:1)
  5 goblins (D:1)
  6 hobgoblins (D:1)
  5 bats (D:1)
  4 frilled lizards
  5 kobolds
  3 rats (D:1)
33 creatures vanquished.

Notes
Turn   | Place    | Note
-------+----------+-------------------------------------------
     0 | D:1      | zeroring the Vine Stalker Transmuter began the quest for
                  | the Orb.
     0 | D:1      | Reached XP level 1. HP: 9/9 MP: 4/4
    42 | D:1      | Reached skill level 1 in Fighting
   346 | D:1      | Reached XP level 2. HP: 14/14 MP: 4/6
   853 | D:1      | Reached XP level 3. HP: 15/18 MP: 5/7
  1080 | D:1      | Found a sparkling altar of Nemelex Xobeh.
  1752 | D:1      | Found a sparkling altar of Nemelex Xobeh.
  1923 | D:2      | Slain by a kobold

Skill      XL: |  1  2  3 |
---------------+----------+-----
Fighting       | 1 2 |  2.2
Dodging        | |  1.5
Unarmed Combat | |  3.8
Spellcasting   | |  2.1
Transmutations | |  2.0

Action                   || total
-------------------------++-------
Melee: Unarmed           ||    93
       Bite              ||    21
       Whip              ||    21
       Kick              ||     2
       Punch             ||     3
       Headbutt          ||     1
 Cast: Beastly Appendage ||     6
 Stab: Sleeping          ||     1
  Eat: Ration            ||     1
       Chunk             ||     1
Armor: Robe              ||    30
Dodge: Dodged            ||    95
